 Dungeon Crawl Stone Soup version 0.31-a0-1010-g5322dac6a2 (webtiles) character file.

Game seed: 12355981798773326981

19826 kae the Slicer (level 12, -8/77 HPs)
             Began as a Demonspawn Enchanter on Nov 16, 2023.
             Was a Believer of Dithmenos.
             Killed from afar by a fire dragon (30 damage)
             ... with a blast of flame
             ... on level 11 of the Dungeon.
             The game lasted 00:14:53 (12382 turns).

kae the Slicer (Demonspawn Enchanter)              Turns: 12382, Time: 00:14:53

Health: -8/77      AC: 21    Str: 14    XL:     12   Next: 40%
Magic:  0/23       EV: 13    Int: 23    God:    Dithmenos [**....]
Gold:   1835       SH:  0    Dex: 18    Spells: 15/26 levels left

rFire   . . .        f - +5 short sword (speed)
rCold   + + .        (no shield)
rNeg    . . .        J - +3 chain mail "Noemon" {Int+3}
rPois   +            x - +0 helmet
rElec   .            O - +2 cloak
rCorr   .            w - +0 pair of gloves
SInv    .            (no boots)
Will    ++...        G - amulet of guardian spirit
Stlth   ++           N - ring "Huasam" {rPois rC+ Will+ Dex+3}
HPRegen 0.32/turn    e - ring of Dasull {rC+ Will+ EV+5 Str+2 Int+3}
MPRegen 0.18/turn

%: guardian spirit
@: very slightly contaminated, wreathed by umbra
A: rugged brown scales 2, demonic guardian 2, powered by death 1, demonic touch
2
a: Renounce Religion, Shadow Step


You were on level 11 of the Dungeon.
You worshipped Dithmenos.
Dithmenos was pleased with you.
You visited 3 branches of the dungeon, and saw 13 of its levels.

You collected 2365 gold pieces.
You spent 530 gold pieces at shops.


Innate Abilities, Weirdness & Mutations

You are mostly covered in rugged brown scales. (AC +2, +5% HP)
A demonic guardian rushes to your aid.
You regenerate a little health from kills.
Your touch may inflict irresistible damage on your foes.


   Skills:
 * Level 11.1 Short Blades
 + Level 7.6 Armour
 - Level 1.7 Dodging
 + Level 9.0 Stealth
 + Level 7.9 Spellcasting
 + Level 8.8 Hexes
 - Level 3.0 Ice Magic


You had 15 spell levels left.
You knew the following spells:

 Your Spells              Type           Power      Damage    Failure   Level
a - Ensorcelled Hibernat  Hex/Ice        72%        N/A       11%         2
b - Confusing Touch       Hex            49%        N/A       6%          3
c - Tukima's Dance        Hex            49%        N/A       6%          3
d - Dazzling Flash        Conj/Hex       58%        N/A       38%         3

Your spell library contained the following spells:

 Spells                   Type           Power      Damage    Failure   Level
 Freeze                   Ice            88%        1d9       24%         1
 Inner Flame              Hex/Fire       29%        N/A       38%         3
 Frozen Ramparts          Ice            44%        1d7       58%         3
 Necrotise                Necr           36%        1d5       63%         1
 Sandblast                Erth           18%        2d7       63%         1
 Shock                    Conj/Air       36%        1d5       63%         1
 Passwall                 Tmut/Erth      7%         N/A       77%         2
 Hailstorm                Conj/Ice       16%        3d6       80%         3
 Dimensional Bullseye     Hex/Tloc       14%        N/A       80%         4
 Stone Arrow              Conj/Erth      18%        3d8       94%         3
 Swiftness                Air            9%         N/A       94%         3
 Vampiric Draining        Necr           9%         2d6       94%         3
 Yara's Violent Unravell  Hex/Tmut       14%        3d7       98%         5
 Airstrike                Air            4%         2d(1-17)  100%        4
 Brom's Barrelling Bould  Conj/Erth      9%         2d3       100%        4
 Iskenderun's Mystic Bla  Conj/Tloc      9%         2d4       100%        4
 Agony                    Necr           9%         N/A       100%        5
 Enfeeble                 Hex            24%        N/A       100%        7

Inventory:

Hand Weapons
 f - a +5 short sword of speed (weapon)
   (You bought it in a shop on level 5 of the Dungeon)
 r - a +4 short sword
   (You took it off a wight on level 7 of the Dungeon)
Missiles
 a - 5 javelins
 g - 92 stones
 j - 3 curare-tipped darts {=f}
 m - 9 boomerangs
 y - 33 poisoned darts
 C - a throwing net {=f!f}
 P - 2 atropa-tipped darts
Armour
 b - a +0 robe
 k - +1 ice dragon scales
   (You found it on level 2 of the Dungeon)
 w - a +0 pair of gloves (worn)
   (You found it on level 4 of the Dungeon)
 x - a +0 helmet (worn)
   (You found it on level 4 of the Dungeon)
 J - the +3 chain mail "Noemon" (worn) {Int+3}
   (You found it on level 8 of the Dungeon)

   Int+3:     It affects your intelligence (+3).
 O - a +2 cloak (worn)
   (You found it on level 9 of the Dungeon)
Magical Staves
 s - a staff of cold {!a}
   (You found it on level 4 of the Dungeon)
 S - a staff of fire {!a}
   (You found it on level 9 of the Dungeon)
 U - a staff of fire {!a}
   (You took it off an orc wizard on level 11 of the Dungeon)
Jewellery
 e - the ring of Dasull (right hand) {rC+ Will+ EV+5 Str+2 Int+3}
   (You found it on level 10 of the Dungeon)

   [ring of evasion]

   EV+5:      It affects your evasion (+5).
   Str+2:     It affects your strength (+2).
   Int+3:     It affects your intelligence (+3).
   rC+:       It protects you from cold.
   Will+:     It increases your willpower.
 t - an amulet of magic regeneration
   (You took it off a wight on level 7 of the Dungeon)
 E - an amulet of reflection
   (You found it on level 8 of the Dungeon)
 G - an amulet of guardian spirit (around neck)
   (You found it on level 8 of the Dungeon)
 N - the ring "Huasam" (left hand) {rPois rC+ Will+ Dex+3}
   (You acquired it on level 8 of the Dungeon)

   [ring of poison resistance]

   Dex+3:     It affects your dexterity (+3).
   rC+:       It protects you from cold.
   rPois:     It protects you from poison Will+: It increases your willpower.
Wands
 l - a wand of flame (11)
   (You found it on level 3 of the Dungeon)
 B - a wand of digging (7)
   (You found it on level 5 of the Dungeon)
 M - a wand of roots (5)
   (You found it on level 8 of the Dungeon)
 V - a wand of charming (3)
   (You took it off an orc wizard on level 11 of the Dungeon)
Scrolls
 i - 2 scrolls of vulnerability {!r!r}
 u - 2 scrolls of blinking {!r}
 A - 5 scrolls of fear
 F - 2 scrolls of teleportation {@r4}
 L - a scroll of fog
 Q - 3 scrolls of identify {@r1}
 R - a scroll of poison
Potions
 c - 2 potions of might
 d - 2 potions of invisibility
 h - 4 potions of haste {@q3}
 n - a potion of resistance
 o - a potion of berserk rage {!q}
 p - 4 potions of curing {@q1}
 q - a potion of magic
 v - a potion of ambrosia
 z - a potion of mutation {!q}
 D - a potion of brilliance
 H - 2 potions of heal wounds {@q2}
 I - a potion of degeneration {!q}
 K - a potion of cancellation
 T - a potion of enlightenment {unknown}

Dungeon Overview and Level Annotations

Branches:
Dungeon (11/15) Zot: 26071  Temple (1/1) D:4 Zot: 5976    Lair (1/5) D:8 Zot: 5998
    Orc: D:9-12

Altars:
Ashenzari
Cheibriados
Dithmenos
Fedhas
Gozag
Hepliaklqana
Kikubaaqudgha
Makhleb
Nemelex Xobeh
Okawaru
Qazlal
Ru
Sif Muna
Trog
Uskayaw
Vehumet
Wu Jian
Xom
Yredelemnul

Shops:
D:5 (((?

Annotations:
D:4 Edmund

######## #######......#
#.........[#.#
#.#####.##.#.# #.#
#.##.#.#### ###.##
#.#..[..).# ##...##
#.#.#####)#
#.#.#.###.#.###)#)########
>...........##.#@.........
..#.#.#.#.#.#.4D#.##.##.##
.#...##.#.###.8.### #
.##.###.###.......###
###.# ###.)#.....#..###
#.# #..##.#..(#.##..###
###..# #.#.#.#.#.###..###
8.. ......(.......†..8# .
#.###.#.#.###o#....##


You could see a fire dragon (catching breath, ally target) and a friendly orange
demon (summoned).


Message History

😕 HP[+14] MP[+4]
You regained 14 hp, and now have 76/77 hp.
Your mp is fully restored (23).
A boulder beetle comes into view. 😎 HP[+1]
Your hp is fully restored (77).
A boulder beetle is nearby!
A boulder beetle is nearby!
A boulder beetle is nearby!
The boulder beetle bites you but does no damage.
You see here a +0 short sword.
Casting: Confusing Touch (dangerous; 7% risk of failure)
Confirm with . or Enter, or press ? or * to list all spells.
Aiming: Ensorcelled Hibernation (safe; 11% risk of failure)
Press: ? - help, Shift-Dir - straight line, f - boulder beetle
Aim: a boulder beetle (umbra, chance to affect: 47%)
The boulder beetle looks drowsy... 😎 MP[-2]
You lost 2 mp, and now have 21/23 mp.
The helpless boulder beetle fails to defend itself.
You stick the boulder beetle like a pincushion!!!!
A boulder beetle is nearby!
A boulder beetle is nearby!
Unknown command.
You hit the boulder beetle but do no damage.
You touch the boulder beetle.
You kill the boulder beetle!
Dithmenos accepts your kill.
No target in view!
No target in view!
No target in view!
Things that are here:
a +0 dagger; a boulder beetle corpse A fire dragon comes into view.
You see here a +0 short sword. 😎 MP[+2]
Your mp is fully restored (23).
A fire dragon is nearby!
A fire dragon is nearby!
A fire dragon is nearby!
Items here: )))) [[.
Casting: Ensorcelled Hibernation (safe; 11% risk of failure)
Confirm with . or Enter, or press ? or * to list all spells.
Aiming: Ensorcelled Hibernation (safe; 11% risk of failure)
Press: ? - help, Shift-Dir - straight line, f - fire dragon
Aim: a fire dragon (wandering, hasn't noticed you, umbra, chance to affect: 29%)
The fire dragon roars deafeningly!
The fire dragon easily resists.
You hear a shout!
The fire dragon breathes flames at you. The blast of flame hits you!!!
Ouch! That really hurt!
* * * LOW HITPOINT WARNING * * *
A demonic guardian appears! 😨 HP[-45] MP[-14]
You take 45 damage, and now have 32/77 hp.
MASSIVE DAMAGE!! (PAUSE)
You lost 14 mp, and now have 9/23 mp.
Casting: Ensorcelled Hibernation (safe; 11% risk of failure)
Confirm with . or Enter, or press ? or * to list all spells.
Aiming: Ensorcelled Hibernation (safe; 11% risk of failure)
Press: ? - help, Shift-Dir - straight line, f/p - fire dragon
Aim: a fire dragon (catching its breath, ally target, umbra, chance to affect: 29%)
You miscast Ensorcelled Hibernation.
You are very lightly contaminated with residual magic.
Nothing appears to happen.
The fire dragon bites your orange demon!
The fire dragon barely misses your orange demon.
The fire dragon tramples your orange demon.
Your orange demon stumbles backwards!
Your orange demon stings the fire dragon!
Your orange demon hits the fire dragon but does no damage. 😨 MP[-2]
You lost 2 mp, and now have 7/23 mp.
Your orange demon stings the fire dragon but does no damage.
Your orange demon barely misses the fire dragon.
Items here: )))) [[.
Casting: Ensorcelled Hibernation (safe; 11% risk of failure)
Confirm with . or Enter, or press ? or * to list all spells.
Aiming: Ensorcelled Hibernation (safe; 11% risk of failure)
Press: ? - help, Shift-Dir - straight line, f/p - fire dragon
Aim: a fire dragon (lightly wounded, catching its breath, ally target, umbra, chance to affect: 29%)
You miscast Ensorcelled Hibernation.
Nothing appears to happen.
The fire dragon bites you!
* * * LOW HITPOINT WARNING * * *
The fire dragon barely misses you. x2
Your orange demon stings the fire dragon.
Your orange demon hits the fire dragon but does no damage. 😨 HP[-10] MP[-3]
You take 10 damage, and now have 22/77 hp.
You lost 3 mp, and now have 4/23 mp.
Casting: Ensorcelled Hibernation (safe; 11% risk of failure)
Confirm with . or Enter, or press ? or * to list all spells.
Aiming: Ensorcelled Hibernation (safe; 11% risk of failure)
Press: ? - help, Shift-Dir - straight line, f/p - fire dragon
Aim: a fire dragon (lightly wounded, ally target, umbra, chance to affect: 29%)
The fire dragon easily resists.
The fire dragon breathes flames at you. The blast of flame hits you!!
You die...

Skill      XL: |  1  2  3  4  5  6  7  8  9 10 11 12 |
---------------+-------------------------------------+-----
Short Blades   | 1 2 3 4 6 7 9 10 11 | 11.1
Stealth        | 3 4 5 6 7 8 9 |  9.0
Ice Magic      | 1 2 3 |  3.0
Armour         | 1 2 3 4 6 7 |  7.6
Spellcasting   | 3 4 5 6 7 |  7.9
Hexes          | 4 5 6 7 8 |  8.8
Dodging        | |  1.7

Action                     |  1- 3 |  4- 6 |  7- 9 | 10-12 || total
---------------------------+-------+-------+-------+-------++-------
  Melee: Dagger            |    96 |   125 |   272 |       ||   493
         Touch             |    12 |    21 |    51 |   131 ||   215
         Punch             |       |     1 |     7 |    10 ||    18
         Short sword       |       |       |    99 |   564 ||   663
   Cast: Ensorcelled Hiber |     6 |       |    75 |    42 ||   123
         Confusing Touch   |       |       |    10 |     7 ||    17
  Evoke: Wand              |       |       |     4 |       ||     4
    Use: Scroll            |     3 |       |    23 |     2 ||    28
         Potion            |     1 |     2 |     1 |     1 ||     5
   Stab: Sleeping          |     6 |       |    42 |    17 ||    65
         Invisible         |       |     4 |       |       ||     4
         Confused          |       |       |     7 |     8 ||    15
 Armour: Robe              |    59 |       |       |       ||    59
         Ice dragon scales |       |    88 |   374 |       ||   462
         Chain mail        |       |       |    10 |   358 ||   368
  Dodge: Dodged            |    59 |    60 |   158 |   189 ||   466

Levels and vault maps discovered:
D:1:      matt_arrival_refuge, layout_loops_ring,
          hellmonk_ecumenical_altar_arch_garden
D:2:      layout_rooms
D:3:      layout_basic, mainiacjoe_overflow_alcove_2, dreamdust_wishing_well
D:4:      layout_basic, minmay_temple_entry_waves, uniq_natasha, uniq_edmund
D:5:      layout_gridville, minmay_misc_feat_enclosed, serial_park_tiny_2,
          minmay_shop_grid_forest, glass_columns_a
D:6:      layout_basic, kennysheep_flooded_box, minmay_increasing_density,
          uniq_jeremiah
D:7:      layout_cave_pools, jmf_multi_god_temple
D:8:      layout_cave_pools, lair_entry_dummy
D:9:      minmay_ornate_pinched, layout_rooms,
          nicolae_dithmenos_through_a_glass_darkly, bloody_makhleb,
          minmay_checkerbox
D:10:     layout_rooms, pf_just_have_faith,
          nicolae_hepliaklqana_monster_ancestors, moated_statue
D:11:     minmay_complete_graph, layout_loops_ring, uniq_snorg
Temple:   regret_index_temple_generic_petals
Lair:1:   layout_regular_city, ebering_ghost_reflecting_pool,
          nicolae_lair_grazing_beasts [nicolae_sub_lair_graze_edge,
          nicolae_sub_lair_graze_edge, nicolae_sub_lair_graze_edge,
          nicolae_sub_lair_graze_edge]

Notes
Turn   | Place    | Note
-------+----------+-------------------------------------------
     0 | D:1      | kae the Demonspawn Enchanter began the quest for the Orb.
     0 | D:1      | Reached XP level 1. HP: 13/13 MP: 3/3
     0 | D:1      | magus.rc [v1.11.3]
    54 | D:1      | Reached skill level 1 in Short Blades
   282 | D:1      | Found a faded altar of an unknown god.
   308 | D:1      | You pick up a book of Air and begin reading...
   308 | D:1      | You add the spells Shock, Swiftness and Airstrike to your
                  | library.
   354 | D:1      | Gained mutation: Your touch may inflict minor irresistible
                  | damage on your foes. [demonic ancestry]
   354 | D:1      | Reached XP level 2. HP: 15/19 MP: 5/5
   530 | D:1      | Learned a level 2 spell: Ensorcelled Hibernation
   855 | D:1      | HP: 3/19 [kobold/+0 short sword (3)]
   856 | D:1      | HP: 1/19 [kobold/+0 dagger (2)]
   871 | D:1      | HP: 3/19 [kobold/stone (1)]
   973 | D:2      | Gained mutation: A weak demonic guardian rushes to your
                  | aid. [demonic ancestry]
   973 | D:2      | Reached XP level 3. HP: 22/24 MP: 6/6
   993 | D:2      | Reached skill level 3 in Stealth
  1009 | D:1      | Reached skill level 2 in Short Blades
  1257 | D:2      | Gained mutation: A demonic guardian rushes to your aid.
                  | [demonic ancestry]
  1257 | D:2      | Reached XP level 4. HP: 22/30 MP: 7/7
  1667 | D:3      | Found a radiant altar of Vehumet.
  1992 | D:4      | Reached skill level 1 in Ice Magic
  2046 | D:4      | You pick up a book of Necromancy and begin reading...
  2046 | D:4      | You add the spells Necrotise, Vampiric Draining and Agony
                  | to your library.
  2063 | D:4      | Found a staircase to the Ecumenical Temple.
  2088 | D:4      | Gained mutation: You regenerate a little health from kills.
                  | [demonic ancestry]
  2088 | D:4      | Reached XP level 5. HP: 20/35 MP: 8/8
  2131 | Temple   | Entered the Ecumenical Temple
  2163 | D:4      | Reached skill level 3 in Short Blades
  2163 | D:4      | Reached skill level 1 in Armour
  2307 | D:4      | You fall into a shaft and drop 3 floors!
  2312 | D:7      | Noticed a water moccasin
  2329 | D:7      | Killed a water moccasin
  2330 | D:7      | Reached skill level 3 in Spellcasting
  2330 | D:7      | Reached XP level 6. HP: 12/41 MP: 10/10
  2332 | D:7      | HP: 10/41 [bullfrog (2)]
  2336 | D:7      | Reached skill level 4 in Hexes
  2349 | D:7      | HP: 5/41 [orc priest/divine providence (12)]
  2354 | D:7      | Reached skill level 4 in Stealth
  2354 | D:7      | Reached skill level 2 in Ice Magic
  2354 | D:7      | Reached XP level 7. HP: 11/46 MP: 11/11
  2358 | D:7      | Reached skill level 2 in Armour
  2387 | D:7      | Reached skill level 4 in Short Blades
  2441 | D:7      | HP: 11/46 [something (3)]
  2599 | D:7      | Learned a level 3 spell: Confusing Touch
  2650 | D:7      | Found a broken altar of Ashenzari.
  2652 | D:7      | Found a sacrificial altar of Ru.
  2951 | D:5      | Entered Level 5 of the Dungeon
  3495 | D:4      | Reached XP level 8. HP: 45/52 MP: 4/13
  3707 | D:4      | Noticed Natasha
  3720 | D:4      | Killed Natasha
  3858 | D:4      | Noticed Natasha
  3864 | D:4      | Killed Natasha
  3928 | D:4      | Noticed Edmund
  4030 | D:4      | Noticed Natasha
  4044 | D:4      | Killed Natasha
  4198 | D:5      | Found Luruol's Weapon Shoppe.
  4200 | D:5      | Found Konau's Magic Scroll Shoppe.
  4201 | D:5      | Found Plog's Weapon Shoppe.
  4202 | D:5      | Found Huegazuc's Weapon Shoppe.
  4213 | D:5      | You pick up a book of Weapons and begin reading...
  4213 | D:5      | You add the spells Dimensional Bullseye and Iskenderun's
                  | Mystic Blast to your library.
  4216 | D:5      | Bought a scroll of fear for 48 gold pieces
  4216 | D:5      | Bought a scroll of identify for 24 gold pieces
  4216 | D:5      | Bought a scroll of identify for 24 gold pieces
  4256 | D:5      | Reached skill level 5 in Short Blades
  4328 | D:5      | Reached skill level 3 in Armour
  4328 | D:5      | Reached skill level 4 in Spellcasting
  4607 | D:5      | You pick up a book of Frost and begin reading...
  4607 | D:5      | You add the spells Freeze, Frozen Ramparts and Hailstorm to
                  | your library.
  4714 | D:5      | Reached skill level 5 in Hexes
  5020 | D:6      | Noticed Jeremiah
  5028 | D:6      | Killed Jeremiah
  5029 | D:6      | Reached skill level 5 in Stealth
  5579 | D:6      | Reached skill level 6 in Short Blades
  5638 | D:6      | Gained mutation: You are partially covered in rugged brown
                  | scales. (AC +1, +3% HP) [demonic ancestry]
  5638 | D:6      | Reached XP level 9. HP: 48/58 MP: 11/15
  5945 | D:6      | Reached skill level 4 in Armour
  5945 | D:6      | Reached skill level 3 in Ice Magic
  6408 | D:7      | Learned a level 3 spell: Tukima's Dance
  6412 | D:7      | Learned a level 3 spell: Dazzling Flash
  6672 | D:6      | Reached skill level 5 in Spellcasting
  6850 | D:7      | You pick up a book of Geomancy and begin reading...
  6850 | D:7      | You add the spells Sandblast, Passwall, Stone Arrow and
                  | Brom's Barrelling Boulder to your library.
  6956 | D:7      | Reached skill level 6 in Stealth
  6956 | D:7      | Reached skill level 6 in Hexes
  7044 | D:7      | Reached skill level 7 in Short Blades
  7536 | D:8      | Identified the +3 chain mail "Noemon" {Int+3}
  7590 | D:8      | HP: 13/58 [poisoned by a gnoll sergeant]
  7592 | D:8      | HP: 3/58 [gnoll sergeant/+3 trident of venom (11)]
  8464 | D:8      | Found a staircase to the Lair.
  8619 | D:8      | Identified 3 scrolls of acquirement
  8619 | D:8      | Acquired 913 gold pieces
  8621 | D:8      | Acquired 761 gold pieces
  8623 | D:8      | Acquired the ring "Huasam" {rPois rC+ Will+ Dex+3}
  8709 | D:5      | Bought a +4 short sword of speed for 434 gold pieces
  8823 | D:9      | Reached XP level 10. HP: 49/64 MP: 18/18
  8870 | D:9      | Reached skill level 5 in Armour
  8915 | D:9      | HP: 13/64 [orc warrior/+0 glaive (6)]
  8925 | D:9      | HP: 13/64 [orc warrior/+0 glaive (7)]
  8928 | D:9      | HP: 5/64 [orc warrior/+0 glaive (9)]
  9237 | D:9      | Reached skill level 8 in Short Blades
  9406 | Lair:1   | Identified the "Vaxayli"
  9406 | Lair:1   | Entered Level 1 of the Lair of Beasts
  9647 | D:9      | Reached skill level 6 in Spellcasting
  9673 | D:9      | Noticed a two-headed ogre
  9673 | D:9      | Noticed a skeletal warrior
  9674 | D:9      | Noticed a red ugly thing
  9687 | D:9      | Reached skill level 7 in Stealth
  9690 | D:9      | Killed a two-headed ogre
  9691 | D:9      | Reached skill level 7 in Hexes
  9702 | D:9      | Killed a skeletal warrior
  9712 | D:9      | Killed a red ugly thing
  9858 | D:9      | Reached skill level 9 in Short Blades
  9964 | D:9      | Reached skill level 6 in Armour
 10022 | D:9      | Gained mutation: You are mostly covered in rugged brown
                  | scales. (AC +2, +5% HP) [demonic ancestry]
 10022 | D:9      | Reached XP level 11. HP: 63/71 MP: 20/20
 10133 | D:9      | Found a burning altar of Makhleb.
 10162 | D:9      | Found a shadowy altar of Dithmenos.
 10187 | D:9      | Became a worshipper of Dithmenos the Shadowed
 10282 | D:9      | Noticed a green ugly thing
 10417 | D:9      | Killed a green ugly thing
 10624 | D:10     | Entered Level 10 of the Dungeon
 10668 | D:10     | Noticed a two-headed ogre
 10718 | D:10     | Killed a two-headed ogre
 10986 | D:10     | Reached * piety under Dithmenos
 11031 | D:10     | Identified the ring of Dasull {rC+ Will+ EV+5 Str+2 Int+3}
 11036 | D:10     | You pick up a book of Misfortune and begin reading...
 11036 | D:10     | You add the spells Inner Flame, Yara's Violent Unravelling
                  | and Enfeeble to your library.
 11042 | D:10     | Found a shimmering altar of Xom.
 11188 | D:10     | Found a hazy altar of Hepliaklqana.
 11429 | D:11     | Noticed a two-headed ogre
 11439 | D:11     | Killed a two-headed ogre
 11440 | D:11     | Reached skill level 8 in Stealth
 11440 | D:11     | Reached skill level 7 in Spellcasting
 11511 | D:11     | Noticed Snorg
 11542 | D:11     | HP: 13/71 [Snorg (13)]
 11549 | D:11     | Killed Snorg
 11550 | D:11     | Reached skill level 10 in Short Blades
 11550 | D:11     | Reached skill level 8 in Hexes
 11693 | D:11     | Found the +5 robe of Misfortune {Harm *Corrode *Slow EV+5}
 11768 | D:11     | Noticed a cyan ugly thing
 11770 | D:11     | Noticed a vampire knight
 11787 | D:11     | Killed a cyan ugly thing
 11796 | D:11     | Killed a vampire knight
 11822 | D:11     | Reached skill level 7 in Armour
 11827 | D:11     | Noticed a centaur warrior
 11829 | D:11     | Killed a centaur warrior
 11837 | D:11     | Noticed an eight-headed hydra
 11840 | D:11     | Killed an eight-headed hydra
 11841 | D:11     | Gained mutation: Your touch may inflict irresistible damage
                  | on your foes. [demonic ancestry]
 11841 | D:11     | Reached XP level 12. HP: 77/77 MP: 4/23
 11851 | D:11     | Noticed an ettin
 12016 | D:11     | Noticed an ogre mage
 12020 | D:11     | Noticed a five-headed hydra
 12026 | D:11     | Killed an ogre mage
 12039 | D:11     | Killed a five-headed hydra
 12051 | D:11     | HP: 12/77 [cyclops/large rock (21)]
 12103 | D:11     | Reached ** piety under Dithmenos
 12214 | D:11     | Noticed an eight-headed hydra
 12216 | D:11     | Reached skill level 11 in Short Blades
 12234 | D:11     | Killed an eight-headed hydra
 12235 | D:11     | Reached skill level 9 in Stealth
 12359 | D:11     | Noticed a boulder beetle
 12363 | D:11     | Killed a boulder beetle
 12375 | D:11     | Noticed a fire dragon
 12382 | D:11     | Killed from afar by a fire dragon

Vanquished Creatures
  Snorg (D:11)
  3 hydras (D:11)
  An ogre mage (D:11)
  A centaur warrior (D:11)
  A boulder beetle (D:11)
  3 two-headed ogres
  A skeletal warrior (D:9)
  4 ugly things
  A manticore (D:11)
  Jeremiah (D:6)
  A tengu conjurer (D:11)
  A troll (D:10)
  2 slime creatures (D:9)
  3 shadows (D:11)
  20 yaks
  3 wyverns
  A wraith (D:11)
  A steam dragon (D:9)
  A vampire mosquito (D:9)
  An acid dragon (D:8)
  A water moccasin (D:7)
  3 orc warriors
  3 black bears
  2 ice beasts (D:6)
  A centaur (D:6)
  5 kobold brigands
  2 phantoms
  2 bullfrogs
  A gnoll sergeant (D:7)
  4 scorpions
  11 wights
  12 killer bees
  A howler monkey (D:11)
  2 hounds
  2 jellies
  7 orc priests
  Natasha (thrice) (D:4)
  A gnoll bouda (D:6)
  3 sleepcaps
  8 orc wizards
  4 iguanas
  10 adders
  14 gnolls
  A shadow imp (D:6)
  2 white imps
  An ufetubus (D:6)
  A worm (D:4)
  28 orcs
  7 endoplasms
  2 giant cockroaches
  8 goblins
  6 hobgoblins
  3 jackals (D:1)
  2 quokkas
  3 ball pythons
  5 bats
  2 frilled lizards
  21 kobolds
  3 rats
  A spectral kobold (D:10)
249 creatures vanquished.

Vanquished Creatures (collateral kills)
  A vampire knight (D:11)
  A vampire (D:11)
  A yak (D:9)
  An orc warrior (D:11)
  4 centaurs
  2 gnoll sergeants
  A wight (D:10)
  3 howler monkeys (D:7)
  A hound (D:4)
  A jelly (D:8)
  An orc priest (D:11)
  A shadow imp (D:4)
  3 orcs
  A ball python (D:1)
22 creatures vanquished.

Grand Total: 271 creatures vanquished

Table legend:
 A = Non-vault XP
 B = Vault XP
 C = Vault XP percentage of total XP
 D = Non-vault monster count
 E = Vault monster count
 F = Vault count percentage of total count
                 A         B        C        D         E       F
            +---------+---------+-------+---------+---------+-------
      Total |   13878 |   14446 |  51.0 |     224 |      47 |  17.3
            +---------+---------+-------+---------+---------+-------
        D:1 |      54 |       0 |   0.0 |      25 |       0 |   0.0
        D:2 |      44 |       0 |   0.0 |      12 |       0 |   0.0
        D:3 |      22 |       0 |   0.0 |      10 |       0 |   0.0
        D:4 |     364 |      39 |   9.7 |      26 |       1 |   3.7
        D:5 |     531 |       0 |   0.0 |      11 |       0 |   0.0
        D:6 |    1066 |     607 |  36.3 |      19 |       9 |  32.1
        D:7 |    1901 |     116 |   5.8 |      42 |       2 |   4.5
        D:8 |     750 |       0 |   0.0 |      15 |       0 |   0.0
        D:9 |    3260 |    3676 |  53.0 |      27 |      14 |  34.1
       D:10 |    3159 |       2 |   0.1 |      19 |       2 |   9.5
       D:11 |    2727 |   10006 |  78.6 |      18 |      19 |  51.4
            +---------+---------+-------+---------+---------+-------

Skill      XL: |  1  2  3  4  5  6  7  8  9 10 11 12 |
---------------+-------------------------------------+-----
Short Blades   | 1 2 3 4 6 7 9 10 11 | 11.1
Stealth        | 3 4 5 6 7 8 9 |  9.0
Ice Magic      | 1 2 3 |  3.0
Armour         | 1 2 3 4 6 7 |  7.6
Spellcasting   | 3 4 5 6 7 |  7.9
Hexes          | 4 5 6 7 8 |  8.8
Dodging        | |  1.7

Action                     |  1- 3 |  4- 6 |  7- 9 | 10-12 || total
---------------------------+-------+-------+-------+-------++-------
  Melee: Dagger            |    96 |   125 |   272 |       ||   493
         Touch             |    12 |    21 |    51 |   131 ||   215
         Punch             |       |     1 |     7 |    10 ||    18
         Short sword       |       |       |    99 |   564 ||   663
   Cast: Ensorcelled Hiber |     6 |       |    75 |    42 ||   123
         Confusing Touch   |       |       |    10 |     7 ||    17
  Evoke: Wand              |       |       |     4 |       ||     4
    Use: Scroll            |     3 |       |    23 |     2 ||    28
         Potion            |     1 |     2 |     1 |     1 ||     5
   Stab: Sleeping          |     6 |       |    42 |    17 ||    65
         Invisible         |       |     4 |       |       ||     4
         Confused          |       |       |     7 |     8 ||    15
 Armour: Robe              |    59 |       |       |       ||    59
         Ice dragon scales |       |    88 |   374 |       ||   462
         Chain mail        |       |       |    10 |   358 ||   368
  Dodge: Dodged            |    59 |    60 |   158 |   189 ||   466

Illustrated notes

Table legend:
 A = Kills in this place as a percentage of kills in the entire game.
 B = Kills by you in this place as a percentage of kills by you in the entire game.
 C = Kills by friends in this place as a percentage of kills by friends in the entire game.
 D = Other kills in this place as a percentage of other kills in the entire game.
 E = Experience gained in this place as a percentage of experience gained in the entire game.
 F = Experience gained in this place divided by the number of levels of this place that you have seen.
                   A       B       C       D       E      F
               +-------+-------+-------+-------+-------+----------------------
         Total | 100.0 | 100.0 | 100.0 |   N/A | 100.0 | 2178.8
       Dungeon | 100.0 | 100.0 | 100.0 |   N/A | 100.0 | 2574.9
               +-------+-------+-------+-------+-------+----------------------

Table legend: (Time is in decaauts)
 A = Elapsed time spent in this place.
 B = Non-inter-level travel time spent in this place.
 C = Inter-level travel time spent in this place.
 D = Time resting spent in this place.
 E = Time spent auto-exploring this place.
 F = Levels seen in this place.
 G = Mean time per level.
                   A        B        C        D        E       F      G
               +--------+--------+--------+--------+--------+-----+--------+
         Total |  11930 |  11383 |    547 |   2353 |   6841 |  13 |  917.7 |
       Dungeon |  11904 |  11358 |    546 |   2331 |   6841 |  11 | 1082.2 |
        Temple |     23 |     22 |      1 |     22 |      0 |   1 |   23.0 |
          Lair |      1 |      1 |      0 |      0 |      0 |   1 |    1.0 |
               +--------+--------+--------+--------+--------+-----+--------+

Top non-repeatable levels by time:
     D:6: 1845 daAuts
     D:7: 1630 daAuts
     D:8: 1361 daAuts
     D:9: 1218 daAuts
     D:4: 1174 daAuts
     D:5: 1144 daAuts
     D:1: 1022 daAuts
    D:11: 927 daAuts
    D:10: 608 daAuts
     D:2: 538 daAuts
     D:3: 433 daAuts
  Temple: 23 daAuts
  Lair:1: 1 daAuts
